 Dungeon Crawl Stone Soup version 0.31-a0-237-g2d982f9f85 (webtiles) character file.

Game seed: 16512507345929961639

244018 qw the Crack Shot (level 19, -17/191 HPs)
             Began as a Minotaur Hexslinger on July 10, 2023.
             Was a High Priest of Okawaru.
             Demolished by a vault warden
             ... wielding a +0 long sword
              (32 damage)
             ... on level 3 of the Vaults.
             The game lasted 00:16:02 (31809 turns).

qw the Crack Shot (Minotaur Hexslinger)            Turns: 31809, Time: 00:16:03

Health: -17/191    AC: 18    Str: 14    XL:     19   Next: 13%
Magic:  16/16      EV: 38    Int: 16    God:    Okawaru [*****.]
Gold:   1897       SH:  0    Dex: 28    Spells: 19/20 levels left

rFire   . . .        z - +2 triple crossbow (flame)
rCold   + . .        (shield currently unavailable)
rNeg    + + .        m - +2 troll leather armour {Snorg}
rPois   +            u - +1 hat of Broken Taboos {rN+ Will++ Str-4 Dex-3}
rElec   .            a - +1 cloak of Defiance {rC+ MP-9 Str+2 Int+2}
rCorr   +            s - +2 pair of gloves
SInv    .            o - +0 pair of boots "Lavigul" {rCorr Int+4 Dex-2}
Will    +++..        q - amulet of faith
Stlth   +++          g - ring "Lourroj" {rPois rN+ Str+3 Dex+6}
HPRegen 1.31/turn    i - +6 ring of dexterity
MPRegen 0.15/turn

%: faith
@: heroic
A: horns 2, retaliatory headbutt
}: 1/15 runes: gossamer
a: Renounce Religion, Heroism, Finesse, Duel


You were on level 3 of the Vaults.
You worshipped Okawaru.
Okawaru was extremely pleased with you.
You visited 7 branches of the dungeon, and saw 33 of its levels.
You visited the Abyss 1 time.
You visited 1 bazaar.

You collected 4498 gold pieces.
You spent 2601 gold pieces at shops.


Innate Abilities, Weirdness & Mutations

You have a pair of horns on your head.
You reflexively headbutt those who attack you in melee.


   Skills:
 + Level 21.8(26.8) Fighting
 - Level 22.0(27) Ranged Weapons
 - Level 11.0(16.0) Armour
 - Level 20.0(25.0) Dodging
 - Level 1.0 Spellcasting
 - Level 2.0 Hexes
 - Level 10.1 Invocations


You had 19 spell levels left.
You knew the following spells:

 Your Spells              Type           Power      Damage    Failure   Level
a - Slow                  Hex            28%        N/A       12%         1

Your spell library contained the following spells:

 Spells                   Type           Power      Damage    Failure   Level
 Inner Flame              Hex/Fire       4%         N/A       45%         3
 Portal Projectile        Hex/Tloc       8%         N/A       45%         3
 Cause Fear               Hex            3%         N/A       75%         4

Inventory:

Hand Weapons
 z - a +2 triple crossbow of flaming (weapon)
Armour
 a - the +1 cloak of Defiance (worn) {rC+ MP-9 Str+2 Int+2}
   (You found it on level 4 of the Lair of Beasts)

   Str:       It affects your strength (+2).
   Int:       It affects your intelligence (+2).
   rC:        It protects you from cold.
   MP:        It affects your magic capacity (-9).
 c - the +3 leather armour "Nucew" {rF+ rC+ rCorr}
   (You found it on level 10 of the Dungeon)

   rF:        It protects you from fire.
   rC:        It protects you from cold.
   rCorr:     It protects you from acid and corrosion.
 k - a +2 cloak
 m - a +2 troll leather armour (worn) {Snorg}
 o - the +0 pair of boots "Lavigul" (worn) {rCorr Int+4 Dex-2}
   (Okawaru gifted it to you on level 2 of the Lair of Beasts)

   Int:       It affects your intelligence (+4).
   Dex:       It affects your dexterity (-2).
   rCorr:     It protects you from acid and corrosion.
 s - a +2 pair of gloves (worn)
 u - the +1 hat of Broken Taboos (worn) {rN+ Will++ Str-4 Dex-3}
   (Okawaru gifted it to you on level 3 of the Spider Nest)

   Str:       It affects your strength (-4).
   Dex:       It affects your dexterity (-3).
   rN:        It protects you from negative energy.
   Will:      It greatly increases your willpower.
 v - a +3 ring mail of fire resistance
 x - a +4 ring mail of poison resistance
Jewellery
 g - the ring "Lourroj" (left hand) {rPois rN+ Str+3 Dex+6}
   (You found it on level 1 of the Lair of Beasts)

   [ring of dexterity]

   Str:       It affects your strength (+3).
   Dex:       It affects your dexterity (+6).
   rPois:     It protects you from poison.
   rN:        It protects you from negative energy.
 i - a +6 ring of dexterity (right hand)
 l - the amulet of Wishful Thinking {rElec rF+ Regen+ Str+2}
   (You found it on level 5 of the Dungeon)

   [amulet of regeneration]

   Str:       It affects your strength (+2).
   rF:        It protects you from fire.
   rElec:     It insulates you from electricity.
   Regen:     It increases your rate of health regeneration.
 q - an amulet of faith (around neck)
Wands
 n - a wand of digging (16)
Scrolls
 b - 11 scrolls of identify
 f - a scroll of enchant armour
Potions
 d - 4 potions of might
 e - 7 potions of enlightenment
 h - 2 potions of mutation
 j - 8 potions of curing
 p - 6 potions of haste
 t - 2 potions of magic

Dungeon Overview and Level Annotations

Branches:
Dungeon (15/15)            Temple (1/1) D:4            Lair (5/5) D:11
  Swamp (3/4) Lair:2       Spider (4/4) Lair:3        Slime (0/5) Lair:5
    Orc (2/2) D:9             Elf (0/3) Orc:2        Vaults (3/5) D:14
  Crypt (0/3) Vaults:2     Depths (0/4) D:15

Altars:
Ashenzari
Cheibriados
Dithmenos
Elyvilon
Fedhas
Gozag
Hepliaklqana
Kikubaaqudgha
Makhleb
Nemelex Xobeh
Okawaru
Qazlal
Ru
Sif Muna
Trog
Uskayaw
Vehumet
Wu Jian
Xom
Yredelemnul
Zin
The Shining One

Shops:
Orc:1 *   Orc:2 ?([[   Vaults:1 *

Portals:
Abyss: D:7

Annotations:
D:6 1 runed translucent door, Crazy Yiuf
D:7 2 transporters, qw's ghost, novice MiHs
D:9 1 runed translucent door, exclusion: ice statue, qw's ghost, journeyman DEHu
D:12 3 runed translucent doors, qw's ghost, journeyman MiHs
Lair:1 3 runed translucent doors, qw's ghost, journeyman GrFi
Swamp:1 3 runed translucent doors, qw's ghost, adept GrFi
Vaults:1 3 runed translucent doors, qw's ghost, adept MiHs


Message History

Okawaru accepts your kill.
The ironbound preserver completely misses you.
You furiously retaliate!
You headbutt the ironbound preserver.
The vault warden hits you but does no damage.
You shoot a bolt. The bolt hits the ironbound preserver!!
The bolt burns the ironbound preserver.
The ironbound preserver is moderately wounded.
The ironbound preserver completely misses you.
The vault warden completely misses you. You furiously retaliate!
You headbutt the vault warden.
A slime creature comes into view.
An ironbound preserver comes into view. It is wielding a +0 great mace.
You shoot a bolt.
The bolt hits the ironbound preserver!!!!
The bolt burns the ironbound preserver!!
You kill the ironbound preserver!
Okawaru accepts your kill. The vault warden misses you.
You furiously retaliate!
You headbutt the vault warden!
The ironbound preserver mumbles some strange words.
The ironbound preserver begins to accept its allies' injuries.
You shoot a bolt. The bolt hits the vault warden!
The bolt burns the vault warden.
The vault warden is lightly wounded.
The vault warden closely misses you.
The slime creature completely misses you.
You furiously retaliate!
You headbutt the slime creature. You shoot a bolt.
The bolt hits the vault warden!!!
The bolt burns the vault warden!
The vault warden is heavily wounded.
The vault warden hits you with a +0 long sword!
A slime creature comes into view.
The slime creature barely misses you.
The slime creature completely misses you.
You shoot a bolt.
The bolt closely misses the vault warden.
The slime creature misses you. You furiously retaliate!
You headbutt the slime creature! The slime creature misses you.
The vault warden hits you with a +0 long sword!!
You die...

##.....##
....
##.....#
...
##.....
...
##..<. JJ
##..) p#
####'#
##c#
#.....
##JJ#
#....o
#)@.#
#.....
#.p).#
#.....
#.....#
#.....
#......#
#.....
#.....##
######
#....##
#...#
#..#


You could see an ironbound preserver, a vault warden (sheltered), a yaktaur
captain (sheltered) and 4 slime creatures.

Vanquished Creatures
  Sojobo (Vaults:2)
  Nikola (Swamp:1)
  Arachne (Spider:4)
  3 tentacled monstrosities
  Rupert (D:12)
  Asterion (Spider:2)
  A tentacled starspawn (Abyss:2)
  Frances (D:12)
  2 tengu reavers (Vaults:2)
  2 sphinxes
  Agnes (D:15)
  Donald (Swamp:1)
  A fire giant (Vaults:1)
  A deep elf sorcerer (Vaults:1)
  5 emperor scorpions
  A ghost moth (Spider:4)
  Louise (Spider:4)
  3 orc warlords
  A ghost moth (shapeshifter) (D:15)
  4 vault wardens
  10 ironbound preservers
  A broodmother (Spider:4)
  A formless jellyfish (Vaults:2)
  3 war gargoyles (Vaults:1)
  2 eleionomae (Swamp:2)
  4 ironbound thunderhulks
  Nessos (D:12)
  8 dire elephants
  A red draconian (Abyss:2)
  2 bunyips
  3 spark wasps
  Snorg (Lair:5)
  An ettin (Orc:1)
  6 yaktaur captains
  3 great orbs of eyes
  A deep elf high priest (Vaults:3)
  2 entropy weavers (Spider:2)
  A shambling mangrove (Swamp:3)
  9 vault guards
  Erolcha (D:12)
  13 hydras
  10 boulder beetles
  6 ironbound frosthearts
  2 peacekeepers
  2 ghost crabs
  2 jorogumos
  A death knight (D:15)
  4 catoblepae
  6 centaur warriors
  4 alligators
  4 two-headed ogres
  7 death scarabs (Spider:4)
  10 death yaks
  9 demonic crawlers
  A tengu warrior (D:15)
  A deep elf knight (D:14)
  A thrashing horror (Abyss:2)
  4 goliath frogs
  5 skeletal warriors (D:12)
  A hell knight (D:15)
  2 skysharks
  11 pharaoh ants
  2 sun moths
  17 deep trolls
  6 orb spiders
  A bog body (Swamp:1)
  An orange crystal statue (D:9)
  6 swamp dragons
  A spectral wolf spider (Spider:3)
  2 spriggan druids
  4 wolf spider zombies
  6 lindwurms (Vaults:1)
  5 wizards (D:14)
  5 harpies (Vaults:2)
  9 ironbound convokers
  2 broodmother zombies (Spider:4)
  2 steelbarb worms (Spider:1)
  10 orc knights
  2 necromancers (D:15)
  22 wolf spiders
  3 oklob plants
  3 will-o-the-wisps
  An orc sorcerer (Orc:2)
  5 manticores
  3 cyclopes
  13 ugly things
  A large abomination (Abyss:2)
  2 moths of wrath (Spider:4)
  3 black mambas
  Joseph (D:10)
  26 slime creatures
  Maurice (D:8)
  2 torpor snails
  8 elephants (Lair:5)
  8 vault sentinels
  An unseen horror (D:10)
  12 cane toads
  4 spectral redbacks (Spider:4)
  7 yaktaurs
  2 rime drakes
  10 komodo dragons
  A freezing wraith (D:14)
  3 efreet (D:14)
  3 meliai (D:13)
  2 burning bushes (Lair:1)
  4 trolls
  3 spectral jumping spiders (Spider:4)
  7 hornets
  5 polar bears
  4 wolf spider simulacra (Spider:3)
  A tarantella zombie (Spider:4)
  6 tyrant leeches
  A spectral tarantella (Spider:4)
  A jumping spider zombie (Spider:4)
  32 tarantellas
  18 blink frogs
  A raiju (Abyss:2)
  28 jumping spiders
  6 spriggans
  19 culicivoras
  48 yaks
  3 wyverns (D:9)
  A wraith (D:12)
  3 basilisks
  2 steam dragons
  49 redbacks
  9 vampire mosquitoes
  3 wargs (Orc:2)
  11 water moccasins
  10 swamp worms
  An acid dragon (D:8)
  35 orc warriors
  An ice beast (D:7)
  7 swamp drakes
  A black bear (Lair:1)
  4 boggarts (Vaults:1)
  8 ogres
  7 centaurs
  7 wolves
  A kobold brigand (D:10)
  11 bullfrogs
  2 gnoll sergeants
  8 scorpions
  3 wights (D:5)
  4 killer bees (D:9)
  3 electric eels (Spider:3)
  3 howler monkeys (D:14)
  2 jellies
  A quasit (Abyss:2)
  3 hounds
  A gnoll bouda (D:6)
  19 orc priests
  2 iguanas
  24 orc wizards
  7 adders
  7 gnolls
  A shadow imp (D:6)
  15 white imps
  A worm (D:4)
  4 dart slugs
  94 orcs
  8 endoplasms
  5 giant cockroaches
  11 goblins
  7 hobgoblins
  5 jackals (D:4)
  4 quokkas
  10 ball pythons
  2 bats (D:2)
  3 frilled lizards
  18 kobolds
  2 rats (D:2)
  A butterfly (Lair:1)
1066 creatures vanquished.

Vanquished Creatures (others)
  A swamp worm (Swamp:1)
  An orc wizard (D:9)
  8 foxfires (Swamp:2)
  2 starspawn tentacles (Abyss:2)
12 creatures vanquished.

Grand Total: 1078 creatures vanquished

Notes
Turn   | Place    | Note
-------+----------+-------------------------------------------
     0 | D:1      | qw the Minotaur Hexslinger began the quest for the Orb.
     0 | D:1      | Reached XP level 1. HP: 16/16 MP: 1/1
     0 | D:1      | 0 ||| qw: Version: 0.3-a-52-g30416fa
     0 | D:1      | 0 ||| qw: Game counter: 5165
     0 | D:1      | 0 ||| qw: Melee chars always use a shield: true
     0 | D:1      | 0 ||| qw: God list: Okawaru
     0 | D:1      | 0 ||| qw: Allow faded altars: false
     0 | D:1      | 0 ||| qw: Do Orc after clearing Dungeon:15 true
     0 | D:1      | 0 ||| qw: Do second Lair branch before Depths: true
     0 | D:1      | 0 ||| qw: Lair rune preference: random
     0 | D:1      | 0 ||| qw: Goals: Normal
     0 | D:1      | 0 ||| PLANNING D:1-11
    61 | D:1      | Found a faded altar of an unknown god.
   130 | D:1      | Reached skill level 3 in Ranged Weapons
   183 | D:1      | Reached XP level 2. HP: 23/23 MP: 2/2
   723 | D:1      | 723 ||| READING scroll labelled DARCHE BOZUPIO.
   724 | D:1      | 724 ||| DROPPING scroll of poison.
   878 | D:2      | Reached XP level 3. HP: 29/29 MP: 3/3
   974 | D:2      | Reached skill level 4 in Ranged Weapons
  1380 | D:2      | Reached XP level 4. HP: 36/36 MP: 4/4
  1403 | D:2      | 1403 ||| READING 2 scrolls labelled NISOOD KALIMAFOTAU.
  1504 | D:2      | 1504 ||| READING 2 scrolls labelled DOCVEPATUR.
  1505 | D:2      | 1505 ||| READING scroll labelled ZICARH PAACVUOFECS.
  1506 | D:2      | 1506 ||| DROPPING scroll of silence.
  1507 | D:2      | 1507 ||| DROPPING scroll of amnesia.
  1600 | D:3      | 1600 ||| SWAPPING to +0 arbalest.
  1601 | D:3      | 1601 ||| DROPPING +1 sling.
  1638 | D:3      | Found a shimmering blue altar of Sif Muna.
  1716 | D:3      | Noticed an ogre
  1721 | D:3      | Killed an ogre
  1722 | D:3      | Reached skill level 5 in Ranged Weapons
  1722 | D:3      | Reached XP level 5. HP: 28/41 MP: 5/5
  1723 | D:3      | 1723 ||| FLEEEEING.
  1724 | D:3      | 1724 ||| FLEEEEING.
  1725 | D:3      | 1725 ||| FLEEEEING.
  1726 | D:3      | 1726 ||| FLEEEEING.
  1727 | D:3      | 1727 ||| FLEEEEING.
  1728 | D:3      | 1728 ||| FLEEEEING.
  1729 | D:3      | 1729 ||| FLEEEEING.
  1730 | D:3      | 1730 ||| FLEEEEING.
  1731 | D:3      | 1731 ||| FLEEEEING.
  1732 | D:3      | 1732 ||| STAIRDANCE
  1769 | D:2      | 1769 ||| UPGRADING to +0 ring mail.
  1779 | D:2      | 1779 ||| DROPPING +0 robe.
  1780 | D:2      | 1780 ||| READING scroll labelled NUCLOSS NINYUR.
  1781 | D:2      | 1781 ||| READING scroll labelled ITUUCU GOAGIWE.
  1827 | D:3      | Reached skill level 1 in Armour
  1921 | D:3      | Found an opulent altar of Gozag.
  2315 | D:3      | 2315 ||| UPGRADING to +2 ring mail of positive energy.
  2325 | D:3      | 2325 ||| DROPPING +0 ring mail.
  2326 | D:3      | 2326 ||| UPGRADING to +2 ring mail of fire resistance.
  2336 | D:3      | 2336 ||| UPGRADING to amulet of guardian spirit.
  2341 | D:3      | 2341 ||| UPGRADING to +6 ring of strength.
  2342 | D:3      | 2342 ||| UPGRADING to +6 ring of dexterity.
  2343 | D:3      | 2343 ||| DRINKING 2 inky potions.
  2384 | D:4      | Identified the +6 dire flail of Beprink {flame, rC+ Dex+2}
  2413 | D:4      | Reached skill level 3 in Fighting
  2572 | D:4      | Found a staircase to the Ecumenical Temple.
  2573 | D:4      | 2573 ||| PLANNING TEMPLE
  2577 | D:4      | Reached skill level 6 in Ranged Weapons
  2577 | D:4      | Reached XP level 6. HP: 51/51 MP: 6/6
  2583 | Temple   | Entered the Ecumenical Temple
  2584 | Temple   | 2584 ||| PLANNING OKAWARU WORSHIP
  2589 | Temple   | Became a worshipper of Warmaster Okawaru
  2590 | Temple   | 2590 ||| PLANNING D:1-11
  2590 | Temple   | 2590 ||| REMOVING amulet of guardian spirit.
  2595 | Temple   | 2595 ||| DROPPING amulet of guardian spirit.
  3039 | D:4      | 3039 ||| READING scroll labelled LANEDIRAUST.
  3053 | D:5      | Entered Level 5 of the Dungeon
  3117 | D:5      | Reached * piety under Okawaru
  3197 | D:5      | Reached skill level 1 in Invocations
  3197 | D:5      | Reached XP level 7. HP: 57/60 MP: 7/7
  3322 | D:5      | 3322 ||| INVOKING Heroism.
  3326 | D:5      | Reached skill level 7 in Ranged Weapons
  3522 | D:5      | Reached skill level 3 in Dodging
  3563 | D:5      | Reached skill level 3 in Invocations
  3567 | D:5      | Reached ** piety under Okawaru
  3589 | D:5      | Identified the amulet of Wishful Thinking {rElec rF+ Regen+
                  | Str+2}
  3676 | D:5      | Reached XP level 8. HP: 67/67 MP: 9/9
  3768 | D:5      | Reached skill level 8 in Ranged Weapons
  3839 | D:5      | 3839 ||| UPGRADING to amulet of Wishful Thinking {rElec rF+
                  | Regen+ Str+2}.
  3844 | D:5      | 3844 ||| READING 2 scrolls of identify.
  3844 | D:5      | 3844 ||| IDENTIFYING dark potion
  4094 | D:6      | 4094 ||| INVOKING Heroism.
  4155 | D:6      | 4155 ||| INVOKING Heroism.
  4258 | D:6      | 4258 ||| INVOKING Heroism.
  4400 | D:6      | 4400 ||| INVOKING Heroism.
  4494 | D:6      | Found a runed translucent door.
  4495 | D:6      | Noticed Crazy Yiuf
  4704 | D:6      | 4704 ||| READING scroll labelled SEC RAEXTU.
  4705 | D:6      | 4705 ||| READING scroll labelled FEGGOKHEPN.
  4706 | D:6      | 4706 ||| READING 2 scrolls of identify.
  4706 | D:6      | 4706 ||| IDENTIFYING cyan potion
  4707 | D:6      | 4707 ||| DROPPING potion of brilliance.
  4764 | D:7      | Reached skill level 9 in Ranged Weapons
  4767 | D:7      | Found a radiant altar of Vehumet.
  4853 | D:7      | Found a one-way gate to the infinite horrors of the Abyss.
  4853 | D:7      | Noticed qw's ghost (novice MiHs)
  4883 | D:7      | Found a transporter.
  4910 | D:7      | Found a transporter.
  4979 | D:7      | Noticed a toenail golem
  4990 | D:7      | Noticed an ancient zyme
  5058 | D:7      | 5058 ||| UPGRADING to +0 cloak.
  5063 | D:7      | 5063 ||| DROPPING amulet of magic regeneration.
  5064 | D:7      | 5064 ||| DRINKING 2 ruby potions.
  5072 | D:8      | 5072 ||| INVOKING Heroism.
  5125 | D:8      | Reached skill level 6 in Fighting
  5128 | D:8      | 5128 ||| INVOKING Heroism.
  5198 | D:8      | Noticed Maurice
  5198 | D:8      | Noticed a two-headed ogre
  5200 | D:8      | 5200 ||| INVOKING Heroism.
  5205 | D:8      | Killed Maurice
  5206 | D:8      | Reached skill level 10 in Ranged Weapons
  5206 | D:8      | Reached XP level 9. HP: 71/77 MP: 8/11
  5208 | D:8      | Killed a two-headed ogre
  5382 | D:8      | 5382 ||| INVOKING Heroism.
  5443 | D:8      | Noticed a two-headed ogre
  5445 | D:8      | 5445 ||| INVOKING Heroism.
  5451 | D:8      | Killed a two-headed ogre
  5543 | D:8      | Found a shadowy altar of Dithmenos.
  5737 | D:8      | Paralysed by a hornet for 3 turns
  5739 | D:8      | Reached *** piety under Okawaru
  5817 | D:8      | 5817 ||| UPGRADING to +2 cloak.
  5827 | D:8      | 5827 ||| DROPPING +0 cloak.
  5828 | D:8      | 5828 ||| DROPPING amulet of the acrobat.
  5829 | D:8      | 5829 ||| READING scroll labelled JIUSKAITITT.
  5830 | D:8      | 5830 ||| DRINKING 2 bubbling white potions.
  5863 | D:8      | 5863 ||| DROPPING potion of lignification.
  5963 | D:9      | 5963 ||| INVOKING Heroism.
  6001 | D:9      | Identified the +0 leather armour of the Thunderstorm {*Slow
                  | rC+ Will+}
  6041 | D:9      | Noticed an ice statue
  6042 | D:9      | 6042 ||| INVOKING Heroism.
  6045 | D:9      | HP: 17/82 [something] (22)]
  6046 | D:9      | 6046 ||| Stepping ~*~*~tactically~*~*~ (cloud).
  6048 | D:9      | 6048 ||| READING 2 scrolls of teleportation.
  6052 | D:9      | Noticed an orange crystal statue
  6063 | D:9      | Noticed a two-headed ogre
  6064 | D:9      | 6064 ||| INVOKING Heroism.
  6065 | D:9      | HP: 18/82 [wyvern[an orange crystal statue] (4)]
  6066 | D:9      | 6066 ||| READING scroll of teleportation.
  6068 | D:9      | Killed an orange crystal statue
  6069 | D:9      | Reached skill level 11 in Ranged Weapons
  6069 | D:9      | Reached XP level 10. HP: 15/90 MP: 5/12
  6170 | D:9      | Reached skill level 3 in Armour
  6382 | D:9      | Found a runed translucent door.
  6383 | D:9      | Noticed qw's ghost (journeyman DEHu)
  6421 | D:9      | 6421 ||| INVOKING Heroism.
  6425 | D:9      | 6425 ||| Stepping ~*~*~tactically~*~*~ (outnumbered).
  6445 | D:9      | 6445 ||| FLEEEEING.
  6447 | D:9      | 6447 ||| FLEEEEING.
  6449 | D:9      | 6449 ||| FLEEEEING.
  6450 | D:9      | 6450 ||| FLEEEEING.
  6454 | D:9      | 6454 ||| FLEEEEING.
  6485 | D:9      | Noticed a two-headed ogre
  6486 | D:9      | 6486 ||| INVOKING Heroism.
  6494 | D:9      | Killed a two-headed ogre
  6495 | D:9      | Reached skill level 12 in Ranged Weapons
  6565 | D:9      | Found a staircase to the Orcish Mines.
  6611 | D:9      | 6611 ||| Stepping ~*~*~tactically~*~*~ (outnumbered).
  6612 | D:9      | 6612 ||| INVOKING Heroism.
  6617 | D:9      | Reached skill level 13 in Ranged Weapons
  6621 | D:9      | 6621 ||| Stepping ~*~*~tactically~*~*~ (outnumbered).
  6622 | D:9      | 6622 ||| Stepping ~*~*~tactically~*~*~ (outnumbered).
  6624 | D:9      | Reached skill level 9 in Fighting
  6625 | D:9      | 6625 ||| Stepping ~*~*~tactically~*~*~ (outnumbered).
  6806 | D:9      | 6806 ||| INVOKING Heroism.
  7056 | D:9      | 7056 ||| DROPPING +2 ring mail of positive energy.
  7057 | D:9      | 7057 ||| DROPPING +0 leather armour of the Thunderstorm
                  | {*Slow rC+ Will+}.
  7058 | D:9      | 7058 ||| UPGRADING to +0 troll leather armour.
  7068 | D:9      | 7068 ||| DROPPING ring of positive energy.
  7069 | D:9      | 7069 ||| DROPPING ring of wizardry.
  7070 | D:9      | 7070 ||| DRINKING 2 fizzy cyan potions.
  7071 | D:9      | 7071 ||| READING 2 scrolls of identify.
  7071 | D:9      | 7071 ||| IDENTIFYING lumpy grey potion
  7072 | D:9      | 7072 ||| DROPPING potion of degeneration.
  7088 | D:10     | Entered Level 10 of the Dungeon
  7089 | D:10     | 7089 ||| INVOKING Heroism.
  7254 | D:10     | Noticed Joseph
  7255 | D:10     | 7255 ||| FLEEEEING.
  7257 | D:10     | 7257 ||| STAIRDANCE
  7296 | D:9      | 7296 ||| READING 2 scrolls of identify.
  7296 | D:9      | 7296 ||| IDENTIFYING grey potion
  7297 | D:9      | 7297 ||| DROPPING potion of attraction.
  7319 | D:10     | Identified the +3 leather armour "Nucew" {rF+ rC+ rCorr}
  7503 | D:10     | Found a hide-covered altar of Uskayaw.
  7542 | D:10     | 7542 ||| Stepping ~*~*~tactically~*~*~ (outnumbered).
  7544 | D:10     | 7544 ||| Stepping ~*~*~tactically~*~*~ (outnumbered).
  7545 | D:10     | 7545 ||| Stepping ~*~*~tactically~*~*~ (outnumbered).
  7738 | D:10     | 7738 ||| INVOKING Heroism.
  7927 | D:10     | Killed Joseph
  7927 | D:10     | Reached **** piety under Okawaru
  7928 | D:10     | Reached skill level 14 in Ranged Weapons
  8074 | D:10     | Reached XP level 11. HP: 87/97 MP: 13/13
  8076 | D:10     | 8076 ||| INVOKING Heroism.
  8239 | D:10     | 8239 ||| UPGRADING to +3 leather armour "Nucew" {rF+ rC+
                  | rCorr}.
  8249 | D:10     | 8249 ||| DROPPING +2 ring mail of fire resistance.
  8250 | D:10     | 8250 ||| READING 2 scrolls of identify.
  8250 | D:10     | 8250 ||| IDENTIFYING coppery potion
  8251 | D:10     | 8251 ||| DROPPING potion of ambrosia.
  8344 | D:11     | Noticed a boulder beetle
  8345 | D:11     | 8345 ||| STAIRDANCE
  8449 | D:11     | 8449 ||| STAIRDANCE
  8451 | D:10     | 8451 ||| INVOKING Heroism.
  8466 | D:10     | Killed a boulder beetle
  8493 | D:11     | 8493 ||| INVOKING Heroism.
  8510 | D:11     | 8510 ||| STAIRDANCE
  8512 | D:10     | 8512 ||| INVOKING Heroism.
  8553 | D:11     | 8553 ||| INVOKING Heroism.
  8574 | D:11     | Found a shimmering altar of Xom.
  8589 | D:11     | Found a staircase to the Lair.
  8663 | D:11     | Found a frozen archway.
  8882 | D:11     | Found a shimmering altar of Xom.
  8883 | D:11     | Found a shimmering altar of Xom.
  8884 | D:11     | Found a shimmering altar of Xom.
  8885 | D:11     | Found a shimmering altar of Xom.
  8887 | D:11     | Found a shimmering altar of Xom.
  8887 | D:11     | Found a shimmering altar of Xom.
  9031 | D:11     | Noticed a purple ugly thing
  9036 | D:11     | Killed a purple ugly thing
  9199 | D:11     | 9199 ||| PLANNING LAIR
  9208 | Lair:1   | Entered Level 1 of the Lair of Beasts
  9208 | Lair:1   | Noticed a boulder beetle
  9209 | Lair:1   | 9209 ||| INVOKING Heroism.
  9236 | Lair:1   | 9236 ||| INVOKING Heroism.
  9236 | Lair:1   | Killed a boulder beetle
  9237 | Lair:1   | Reached skill level 6 in Invocations
  9281 | Lair:1   | 9281 ||| INVOKING Heroism.
  9310 | Lair:1   | 9310 ||| INVOKING Heroism.
  9344 | Lair:1   | 9344 ||| INVOKING Heroism.
  9399 | Lair:1   | Noticed a four-headed hydra
  9400 | Lair:1   | 9400 ||| INVOKING Heroism.
  9408 | Lair:1   | Killed a four-headed hydra
  9422 | Lair:1   | Found a runed translucent gate.
  9422 | Lair:1   | Found a runed translucent gate.
  9422 | Lair:1   | Found a runed translucent gate.
  9423 | Lair:1   | Noticed a ten-headed hydra
  9425 | Lair:1   | Noticed qw's ghost (journeyman GrFi)
  9431 | Lair:1   | Identified the +4 trident of Ejeen {flame, rC+++ Will+++
                  | Dex-3 Stlth+}
  9500 | Lair:1   | 9500 ||| INVOKING Heroism.
  9503 | Lair:1   | Reached skill level 15 in Ranged Weapons
  9582 | Lair:1   | 9582 ||| INVOKING Heroism.
  9643 | Lair:1   | 9643 ||| INVOKING Heroism.
  9724 | Lair:1   | Noticed an oklob plant
  9725 | Lair:1   | 9725 ||| INVOKING Heroism.
  9726 | Lair:1   | 9726 ||| READING scroll labelled OKHINNO CUPPY.
  9735 | Lair:1   | Killed an oklob plant
  9750 | Lair:1   | Identified the ring "Lourroj" {rPois rN+ Str+3 Dex+6}
  9925 | Lair:1   | Noticed an oklob plant
  9926 | Lair:1   | 9926 ||| INVOKING Heroism.
  9930 | Lair:1   | Killed an oklob plant
 10040 | Lair:1   | Reached XP level 12. HP: 106/106 MP: 16/16
 10179 | Lair:1   | 10179 ||| UPGRADING to ring "Lourroj" {rPois rN+ Str+3
                  | Dex+6}.
 10181 | Lair:1   | 10181 ||| DROPPING +6 ring of strength.
 10213 | Lair:2   | Noticed a boulder beetle
 10214 | Lair:2   | 10214 ||| INVOKING Heroism.
 10222 | Lair:2   | Killed a boulder beetle
 10223 | Lair:2   | Reached skill level 9 in Dodging
 10310 | Lair:2   | 10310 ||| INVOKING Heroism.
 10467 | Lair:2   | Noticed a four-headed hydra
 10468 | Lair:2   | 10468 ||| INVOKING Heroism.
 10473 | Lair:2   | Killed a four-headed hydra
 10474 | Lair:2   | 10474 ||| Stepping ~*~*~tactically~*~*~ (outnumbered).
 10479 | Lair:2   | Reached skill level 9 in Invocations
 10495 | Lair:2   | Reached ***** piety under Okawaru
 10537 | Lair:2   | 10537 ||| FLEEEEING.
 10538 | Lair:2   | 10538 ||| FLEEEEING.
 10539 | Lair:2   | 10539 ||| FLEEEEING.
 10540 | Lair:2   | 10540 ||| FLEEEEING.
 10614 | Lair:2   | Identified the +0 pair of boots "Lavigul" {rCorr Int+4
                  | Dex-2} (Okawaru gifted it to you on level 2 of the Lair of
                  | Beasts)
 10614 | Lair:2   | Received a gift from Okawaru
 10623 | Lair:2   | 10623 ||| INVOKING Heroism.
 10714 | Lair:2   | 10714 ||| INVOKING Heroism.
 10816 | Lair:2   | Noticed an eight-headed hydra
 10816 | Lair:2   | Noticed a seven-headed hydra
 10817 | Lair:2   | 10817 ||| INVOKING Heroism.
 10822 | Lair:2   | Killed an eight-headed hydra
 10827 | Lair:2   | HP: 17/106 [seven-headed hydra (13)]
 10828 | Lair:2   | 10828 ||| READING 2 scrolls of teleportation.
 10829 | Lair:2   | Killed a seven-headed hydra
 10830 | Lair:2   | Reached skill level 16 in Ranged Weapons
 11266 | Lair:2   | Found a staircase to the Swamp.
 11273 | Lair:2   | 11273 ||| READING scroll labelled ZIHULI JEETESM.
 11313 | Lair:2   | 11313 ||| READING scroll labelled VANUXZ RAAJOEH.
 11314 | Lair:2   | 11314 ||| DRINKING 3 amethyst potions.
 11346 | Lair:3   | Noticed a four-headed hydra
 11347 | Lair:3   | 11347 ||| INVOKING Heroism.
 11349 | Lair:3   | Killed a four-headed hydra
 11415 | Lair:3   | Noticed a death yak
 11416 | Lair:3   | 11416 ||| INVOKING Heroism.
 11417 | Lair:3   | 11417 ||| INVOKING Finesse.
 11419 | Lair:3   | Noticed a death yak
 11420 | Lair:3   | Noticed a death yak
 11421 | Lair:3   | Noticed a death yak
 11425 | Lair:3   | Killed a death yak
 11428 | Lair:3   | Killed a death yak
 11430 | Lair:3   | Killed a death yak
 11431 | Lair:3   | Reached XP level 13. HP: 116/116 MP: 12/19
 11508 | Lair:3   | Found a hole to the Spider Nest.
 11552 | Lair:3   | 11552 ||| INVOKING Heroism.
 11626 | Lair:3   | 11626 ||| INVOKING Heroism.
 11702 | Lair:3   | 11702 ||| INVOKING Heroism.
 12169 | Lair:4   | 12169 ||| INVOKING Heroism.
 12222 | Lair:4   | Reached skill level 17 in Ranged Weapons
 12280 | Lair:4   | 12280 ||| INVOKING Heroism.
 12340 | Lair:4   | 12340 ||| INVOKING Heroism.
 12373 | Lair:4   | Identified the +1 cloak of Defiance {rC+ MP-9 Str+2 Int+2}
 12717 | Lair:4   | 12717 ||| UPGRADING to +1 cloak of Defiance {rC+ MP-9 Str+2
                  | Int+2}.
 12741 | Lair:5   | Entered Level 5 of the Lair of Beasts
 12742 | Lair:5   | 12742 ||| INVOKING Heroism.
 12786 | Lair:5   | 12786 ||| INVOKING Heroism.
 12815 | Lair:5   | 12815 ||| INVOKING Heroism.
 12817 | Lair:5   | Reached skill level 18 in Ranged Weapons
 12943 | Lair:5   | 12943 ||| INVOKING Heroism.
 12983 | Lair:5   | Reached skill level 12 in Fighting
 12991 | Lair:5   | 12991 ||| INVOKING Heroism.
 13000 | Lair:5   | Received a gift from Okawaru
 13122 | Lair:5   | 13122 ||| INVOKING Heroism.
 13196 | Lair:5   | 13196 ||| INVOKING Heroism.
 13197 | Lair:5   | 13197 ||| INVOKING Finesse.
 13198 | Lair:5   | 13198 ||| Stepping ~*~*~tactically~*~*~ (cloud).
 13203 | Lair:5   | Reached skill level 12 in Dodging
 13281 | Lair:5   | 13281 ||| INVOKING Heroism.
 13285 | Lair:5   | Noticed Snorg
 13286 | Lair:5   | 13286 ||| INVOKING Finesse.
 13295 | Lair:5   | Killed Snorg
 13302 | Lair:5   | Reached XP level 14. HP: 118/127 MP: 4/20
 13397 | Lair:5   | 13397 ||| READING scroll of brand weapon.
 13397 | Lair:5   | 13397 ||| BRANDING +0 arbalest of freezing.
 13416 | Lair:5   | 13416 ||| INVOKING Heroism.
 13417 | Lair:5   | 13417 ||| INVOKING Finesse.
 13497 | Lair:5   | 13497 ||| INVOKING Heroism.
 13501 | Lair:5   | 13501 ||| Stepping ~*~*~tactically~*~*~ (cloud).
 13562 | Lair:5   | 13562 ||| INVOKING Heroism.
 13566 | Lair:5   | 13566 ||| Stepping ~*~*~tactically~*~*~ (cloud).
 13570 | Lair:5   | 13570 ||| Stepping ~*~*~tactically~*~*~ (cloud).
 13761 | Lair:5   | Found a staircase to the Slime Pits.
 13892 | Lair:5   | 13892 ||| PLANNING D
 13892 | Lair:5   | 13892 ||| DROPPING +2 ring mail of willpower.
 13893 | Lair:5   | 13893 ||| UPGRADING to +2 troll leather armour {Snorg}.
 13903 | Lair:5   | 13903 ||| UPGRADING to +0 pair of boots "Lavigul" {rCorr
                  | Int+4 Dex-2}.
 13908 | Lair:5   | 13908 ||| DROPPING +0 troll leather armour.
 14042 | D:12     | 14042 ||| PLANNING BAZAAR
 14109 | D:12     | 14109 ||| INVOKING Heroism.
 14144 | D:12     | Found a runed translucent gate.
 14144 | D:12     | Found a runed translucent gate.
 14144 | D:12     | Found a runed translucent gate.
 14148 | D:12     | Noticed qw's ghost (journeyman MiHs)
 14242 | D:12     | 14242 ||| INVOKING Heroism.
 14309 | D:12     | Noticed Nessos
 14313 | D:12     | Killed Nessos
 14318 | D:12     | 14318 ||| SWAPPING to +3 longbow of flaming.
 14319 | D:12     | 14319 ||| DROPPING +0 arbalest of chaos.
 14357 | D:12     | 14357 ||| INVOKING Heroism.
 14411 | D:12     | Noticed Rupert
 14412 | D:12     | 14412 ||| INVOKING Heroism.
 14413 | D:12     | 14413 ||| INVOKING Finesse.
 14423 | D:12     | Killed Rupert
 14522 | D:12     | 14522 ||| INVOKING Heroism.
 14523 | D:12     | 14523 ||| INVOKING Finesse.
 14738 | D:12     | Found a flickering gateway to a bazaar.
 14739 | D:12     | 14739 ||| UPGRADING to +0 pair of gloves.
 14744 | D:12     | 14744 ||| UPGRADING to amulet of faith.
 14754 | D:12     | 14754 ||| DROPPING +6 ring of intelligence.
 14755 | D:12     | 14755 ||| READING scroll labelled EHOAXZ YRASE.
 14756 | D:12     | 14756 ||| READING 2 scrolls of identify.
 14756 | D:12     | 14756 ||| IDENTIFYING fuming grey potion
 14763 | Bazaar   | Entered a bazaar
 14765 | Bazaar   | Found Issadag's Assorted Antiques.
 14773 | Bazaar   | 14773 ||| BUYING fizzy ruby potion (17 gold).
 14773 | Bazaar   | Bought a fizzy ruby potion for 17 gold pieces
 14773 | Bazaar   | 14773 ||| BUYING potion of enlightenment (95 gold).
 14773 | Bazaar   | Bought a potion of enlightenment for 95 gold pieces
 14773 | Bazaar   | 14773 ||| BUYING runed golden ring (95 gold).
 14773 | Bazaar   | Bought a runed golden ring for 95 gold pieces
 14773 | Bazaar   | 14773 ||| BUYING scroll of enchant armour (142 gold).
 14773 | Bazaar   | Bought a scroll of enchant armour for 142 gold pieces
 14773 | Bazaar   | 14773 ||| READING scroll of enchant armour.
 14773 | Bazaar   | 14773 ||| ENCHANTING +0 pair of gloves.
 14779 | Bazaar   | Found Ohomao's Weapon Shoppe.
 14784 | Bazaar   | Found Qaeteer's Weapon Shoppe.
 14785 | Bazaar   | Found Voygysch's General Store.
 14795 | Bazaar   | 14795 ||| BUYING potion of haste (130 gold).
 14795 | Bazaar   | Bought a potion of haste for 130 gold pieces
 14823 | Bazaar   | Found Xautz's Antique Armour Shoppe.
 14831 | Bazaar   | 14831 ||| BUYING pair of embroidered gloves (225 gold).
 14831 | Bazaar   | Bought a pair of embroidered gloves for 225 gold pieces
 14831 | Bazaar   | 14831 ||| BUYING runed ring mail (210 gold).
 14831 | Bazaar   | Bought a runed ring mail for 210 gold pieces
 14832 | Bazaar   | 14832 ||| DROPPING +1 pair of gloves.
 14833 | Bazaar   | 14833 ||| DROPPING +1 ring mail of willpower.
 14834 | Bazaar   | 14834 ||| DROPPING ring of ice.
 14858 | D:12     | 14858 ||| PLANNING D
 14978 | D:12     | Noticed Erolcha
 14979 | D:12     | 14979 ||| INVOKING Heroism.
 14981 | D:12     | Killed Erolcha
 15136 | D:12     | Noticed Frances
 15137 | D:12     | 15137 ||| INVOKING Heroism.
 15148 | D:12     | Killed Frances
 15149 | D:12     | Reached skill level 6 in Armour
 15305 | D:12     | 15305 ||| READING 2 scrolls of identify.
 15305 | D:12     | 15305 ||| IDENTIFYING fizzy ruby potion
 15352 | D:13     | 15352 ||| INVOKING Heroism.
 15395 | D:13     | 15395 ||| INVOKING Heroism.
 15669 | D:13     | Reached skill level 19 in Ranged Weapons
 15880 | D:13     | 15880 ||| READING scroll of enchant armour.
 15880 | D:13     | 15880 ||| ENCHANTING +1 pair of gloves.
 16114 | D:13     | 16114 ||| INVOKING Heroism.
 16210 | D:13     | 16210 ||| READING 3 scrolls of identify.
 16210 | D:13     | 16210 ||| IDENTIFYING brown potion
 16316 | Abyss:2  | Cast into level 2 of the Abyss (a wizard)
 16325 | Abyss:2  | Found a corrupted altar of Lugonu.
 16329 | Abyss:2  | Found a corrupted altar of Lugonu.
 16433 | Abyss:2  | 16433 ||| Stepping ~*~*~tactically~*~*~ (cloud).
 16437 | Abyss:2  | Noticed a tentacled monstrosity
 16438 | Abyss:2  | 16438 ||| INVOKING Heroism.
 16439 | Abyss:2  | 16439 ||| INVOKING Finesse.
 16443 | Abyss:2  | 16443 ||| Stepping ~*~*~tactically~*~*~ (cloud).
 16450 | Abyss:2  | Killed a tentacled monstrosity
 16538 | Abyss:2  | Noticed a tentacled starspawn
 16546 | Abyss:2  | Killed a tentacled starspawn
 16549 | D:14     | Escaped the Abyss
 16642 | D:14     | 16642 ||| INVOKING Heroism.
 16760 | D:14     | Reached skill level 20 in Ranged Weapons
 16772 | D:14     | 16772 ||| Stepping ~*~*~tactically~*~*~ (outnumbered).
 16774 | D:14     | 16774 ||| Stepping ~*~*~tactically~*~*~ (outnumbered).
 16775 | D:14     | 16775 ||| Stepping ~*~*~tactically~*~*~ (outnumbered).
 16777 | D:14     | 16777 ||| Stepping ~*~*~tactically~*~*~ (outnumbered).
 17012 | D:14     | Reached XP level 15. HP: 135/135 MP: 12/21
 17075 | D:14     | Received a gift from Okawaru
 17082 | D:14     | Found the +3 warlock's mirror {omnireflect}
 17288 | D:14     | 17288 ||| INVOKING Heroism.
 17290 | D:14     | Received a gift from Okawaru
 17292 | D:14     | HP: 28/137 [vault guard/+0 great sword (11)]
 17293 | D:14     | 17293 ||| READING 3 scrolls of teleportation.
 17293 | D:14     | HP: 1/137 [vault guard/+0 great sword (19)]
 17294 | D:14     | 17294 ||| DRINKING 4 potions of heal wounds.
 17295 | D:14     | 17295 ||| DRINKING 3 potions of heal wounds.
 17296 | D:14     | 17296 ||| DRINKING 2 potions of heal wounds.
 17297 | D:14     | 17297 ||| DRINKING potion of heal wounds.
 17406 | D:14     | 17406 ||| DROPPING +1 heavy longbow.
 17407 | D:14     | Found a gate to the Vaults.
 17613 | D:14     | 17613 ||| READING scroll labelled SAKIPH ARRIACK.
 17651 | D:15     | Entered Level 15 of the Dungeon
 17683 | D:15     | 17683 ||| INVOKING Heroism.
 17685 | D:15     | 17685 ||| Stepping ~*~*~tactically~*~*~ (outnumbered).
 17849 | D:15     | 17849 ||| Stepping ~*~*~tactically~*~*~ (outnumbered).
 17851 | D:15     | 17851 ||| Stepping ~*~*~tactically~*~*~ (outnumbered).
 17853 | D:15     | 17853 ||| INVOKING Heroism.
 17859 | D:15     | HP: 30/138 [centaur warrior/arrow (11)]
 17860 | D:15     | 17860 ||| READING 2 scrolls of teleportation.
 18077 | D:15     | Noticed Agnes
 18079 | D:15     | 18079 ||| INVOKING Heroism.
 18080 | D:15     | 18080 ||| INVOKING Finesse.
 18086 | D:15     | Killed Agnes
 18125 | D:15     | Received a gift from Okawaru
 18137 | D:15     | Reached skill level 15 in Fighting
 18196 | D:15     | Found a staircase to the Depths.
 18411 | D:15     | Identified the +9 falchion of Vipnewk {pain, Will+ rCorr
                  | MP+9 Stlth+}
 18592 | D:15     | 18592 ||| PLANNING ORC
 18770 | Orc:1    | Entered Level 1 of the Orcish Mines
 18800 | Orc:1    | Found Tepolaku's Overcharged Wands.
 18804 | Orc:1    | 18804 ||| INVOKING Heroism.
 18805 | Orc:1    | 18805 ||| INVOKING Finesse.
 18867 | Orc:1    | 18867 ||| BUYING wand of digging (11) (693 gold).
 18867 | Orc:1    | Bought a wand of digging (11) for 693 gold pieces
 18867 | Orc:1    | 18867 ||| SHOPLISTING wand of digging (11) (693 gold, have
                  | 324).
 18967 | Orc:1    | 18967 ||| DRINKING 3 potions of curing.
 18967 | Orc:1    | 18967 ||| (to cure confusion)
 19094 | Orc:1    | 19094 ||| DRINKING 2 potions of curing.
 19094 | Orc:1    | 19094 ||| (to cure confusion)
 19131 | Orc:1    | 19131 ||| INVOKING Heroism.
 19151 | Orc:1    | You fall into a shaft and drop 1 floor!
 19151 | Orc:2    | Entered Level 2 of the Orcish Mines
 19151 | Orc:2    | Found a staircase to the Elven Halls.
 19281 | Orc:2    | 19281 ||| Stepping ~*~*~tactically~*~*~ (outnumbered).
 19283 | Orc:2    | 19283 ||| Stepping ~*~*~tactically~*~*~ (outnumbered).
 19435 | Orc:1    | 19435 ||| INVOKING Heroism.
 19831 | Orc:2    | 19831 ||| INVOKING Heroism.
 19832 | Orc:2    | 19832 ||| INVOKING Finesse.
 19942 | Orc:2    | 19942 ||| Stepping ~*~*~tactically~*~*~ (outnumbered).
 19949 | Orc:2    | 19949 ||| INVOKING Heroism.
 19969 | Orc:2    | Found Xeulan's Magic Scroll Boutique.
 19974 | Orc:2    | 19974 ||| BUYING scroll of enchant armour (135 gold).
 19974 | Orc:2    | Bought a scroll of enchant armour for 135 gold pieces
 19974 | Orc:2    | 19974 ||| BUYING scroll of enchant weapon (135 gold).
 19974 | Orc:2    | Bought a scroll of enchant weapon for 135 gold pieces
 19974 | Orc:2    | 19974 ||| BUYING scroll of identify (36 gold).
 19974 | Orc:2    | Bought a scroll of identify for 36 gold pieces
 19974 | Orc:2    | 19974 ||| READING scroll of enchant weapon.
 19974 | Orc:2    | 19974 ||| ENCHANTING +3 longbow of flaming.
 20077 | Orc:2    | Reached skill level 15 in Dodging
 20146 | Orc:2    | 20146 ||| Stepping ~*~*~tactically~*~*~ (outnumbered).
 20153 | Orc:2    | 20153 ||| INVOKING Heroism.
 20185 | Orc:2    | Found Qacwepni's Antique Armour Shop.
 20193 | Orc:2    | 20193 ||| BUYING glowing ring mail (224 gold).
 20193 | Orc:2    | Bought a glowing ring mail for 224 gold pieces
 20193 | Orc:2    | 20193 ||| BUYING pair of glowing gloves (240 gold).
 20193 | Orc:2    | Bought a pair of glowing gloves for 240 gold pieces
 20193 | Orc:2    | 20193 ||| SHOPLISTING pair of smoking boots (304 gold, have
                  | 234).
 20193 | Orc:2    | 20193 ||| BUYING runed ring mail (224 gold).
 20193 | Orc:2    | Bought a runed ring mail for 224 gold pieces
 20220 | Orc:2    | 20220 ||| INVOKING Heroism.
 20244 | Orc:2    | 20244 ||| INVOKING Finesse.
 20306 | Orc:2    | Found Lufeina's Antique Weapon Boutique.
 20308 | Orc:2    | Found Faogigot's Antique Armour Shop.
 20321 | Orc:2    | 20321 ||| SHOPLISTING dyed leather armour (125 gold, have
                  | 10).
 20540 | Orc:2    | 20540 ||| PLANNING SPIDER:1-3
 20540 | Orc:2    | 20540 ||| DROPPING +1 pair of gloves of hurling.
 20541 | Orc:2    | 20541 ||| DROPPING +2 ring mail of cold resistance.
 20694 | Spider:1 | Entered Level 1 of the Spider Nest
 20700 | Spider:1 | 20700 ||| Stepping ~*~*~tactically~*~*~ (outnumbered).
 20853 | Spider:1 | 20853 ||| INVOKING Finesse.
 21149 | Spider:1 | 21149 ||| INVOKING Finesse.
 21257 | Spider:1 | 21257 ||| INVOKING Finesse.
 21336 | Spider:1 | Reached XP level 16. HP: 137/151 MP: 13/22
 21450 | Spider:1 | 21450 ||| Stepping ~*~*~tactically~*~*~ (outnumbered).
 21511 | Spider:1 | 21511 ||| INVOKING Heroism.
 21605 | Spider:1 | 21605 ||| INVOKING Finesse.
 21802 | Spider:1 | 21802 ||| FLEEEEING.
 21806 | Spider:1 | 21806 ||| FLEEEEING.
 21807 | Spider:1 | 21807 ||| FLEEEEING.
 21808 | Spider:1 | 21808 ||| FLEEEEING.
 21811 | Spider:1 | 21811 ||| FLEEEEING.
 21813 | Spider:1 | 21813 ||| FLEEEEING.
 21814 | Spider:1 | 21814 ||| FLEEEEING.
 21815 | Spider:1 | 21815 ||| FLEEEEING.
 21816 | Spider:1 | 21816 ||| FLEEEEING.
 21817 | Spider:1 | 21817 ||| FLEEEEING.
 21818 | Spider:1 | 21818 ||| FLEEEEING.
 21819 | Spider:1 | 21819 ||| FLEEEEING.
 21953 | Spider:1 | 21953 ||| DROPPING +1 cloak.
 21974 | Spider:2 | Noticed Asterion
 21975 | Spider:2 | 21975 ||| INVOKING Heroism.
 21976 | Spider:2 | 21976 ||| INVOKING Finesse.
 21981 | Spider:2 | Noticed an Executioner
 21999 | Spider:2 | Killed Asterion
 22057 | Spider:2 | 22057 ||| STAIRDANCE
 22148 | Spider:2 | Reached skill level 9 in Armour
 22148 | Spider:2 | 22148 ||| FLEEEEING.
 22149 | Spider:2 | 22149 ||| FLEEEEING.
 22150 | Spider:2 | 22150 ||| FLEEEEING.
 22152 | Spider:2 | 22152 ||| FLEEEEING.
 22153 | Spider:2 | 22153 ||| FLEEEEING.
 22154 | Spider:2 | 22154 ||| FLEEEEING.
 22156 | Spider:2 | 22156 ||| FLEEEEING.
 22159 | Spider:2 | 22159 ||| FLEEEEING.
 22203 | Spider:2 | 22203 ||| INVOKING Heroism.
 22278 | Spider:2 | Received a gift from Okawaru
 22298 | Spider:2 | 22298 ||| DRINKING potion of resistance.
 22314 | Spider:2 | 22314 ||| INVOKING Finesse.
 22785 | Spider:2 | You fall into a shaft and drop 1 floor!
 23121 | Spider:3 | 23121 ||| Stepping ~*~*~tactically~*~*~ (outnumbered).
 23189 | Spider:3 | Identified the +1 hat of Broken Taboos {rN+ Will++ Str-4
                  | Dex-3} (Okawaru gifted it to you on level 3 of the Spider
                  | Nest)
 23189 | Spider:3 | Received a gift from Okawaru
 23516 | Spider:3 | 23516 ||| INVOKING Heroism.
 23913 | Spider:3 | 23913 ||| PLANNING SWAMP:1-3
 23913 | Spider:3 | 23913 ||| UPGRADING to +1 hat of Broken Taboos {rN+ Will++
                  | Str-4 Dex-3}.
 24103 | Swamp:1  | Entered Level 1 of the Swamp
 24104 | Swamp:1  | 24104 ||| INVOKING Heroism.
 24108 | Swamp:1  | Reached skill level 18 in Fighting
 24125 | Swamp:1  | 24125 ||| Stepping ~*~*~tactically~*~*~ (water).
 24127 | Swamp:1  | 24127 ||| Stepping ~*~*~tactically~*~*~ (water).
 24129 | Swamp:1  | 24129 ||| Stepping ~*~*~tactically~*~*~ (water).
 24138 | Swamp:1  | 24138 ||| INVOKING Heroism.
 24184 | Swamp:1  | Noticed Donald
 24186 | Swamp:1  | 24186 ||| Stepping ~*~*~tactically~*~*~ (water).
 24187 | Swamp:1  | 24187 ||| INVOKING Heroism.
 24195 | Swamp:1  | 24195 ||| INVOKING Finesse.
 24202 | Swamp:1  | Killed Donald
 24254 | Swamp:1  | 24254 ||| Stepping ~*~*~tactically~*~*~ (water).
 24257 | Swamp:1  | 24257 ||| Stepping ~*~*~tactically~*~*~ (water).
 24291 | Swamp:1  | 24291 ||| Stepping ~*~*~tactically~*~*~ (water).
 24325 | Swamp:1  | 24325 ||| Stepping ~*~*~tactically~*~*~ (water).
 24335 | Swamp:1  | 24335 ||| INVOKING Heroism.
 24336 | Swamp:1  | 24336 ||| Stepping ~*~*~tactically~*~*~ (outnumbered).
 24400 | Swamp:1  | Noticed Nikola
 24401 | Swamp:1  | 24401 ||| INVOKING Heroism.
 24402 | Swamp:1  | 24402 ||| INVOKING Finesse.
 24412 | Swamp:1  | Killed Nikola
 24509 | Swamp:1  | Noticed a tentacled monstrosity
 24521 | Swamp:1  | 24521 ||| Stepping ~*~*~tactically~*~*~ (water).
 24522 | Swamp:1  | 24522 ||| INVOKING Heroism.
 24528 | Swamp:1  | Killed a tentacled monstrosity
 24529 | Swamp:1  | Reached XP level 17. HP: 121/166 MP: 11/23
 24782 | Swamp:1  | Found a runed translucent gate.
 24782 | Swamp:1  | Found a runed translucent gate.
 24783 | Swamp:1  | Found a runed translucent gate.
 24785 | Swamp:1  | Noticed qw's ghost (adept GrFi)
 24785 | Swamp:1  | Noticed qw's ghost (adept GrFi)
 24954 | Swamp:2  | 24954 ||| INVOKING Heroism.
 25017 | Swamp:2  | 25017 ||| Stepping ~*~*~tactically~*~*~ (water).
 25036 | Swamp:2  | 25036 ||| INVOKING Heroism.
 25129 | Swamp:2  | 25129 ||| Stepping ~*~*~tactically~*~*~ (water).
 25130 | Swamp:2  | 25130 ||| INVOKING Heroism.
 25169 | Swamp:2  | 25169 ||| READING scroll of brand weapon.
 25169 | Swamp:2  | 25169 ||| BRANDING +4 longbow of flaming.
 25320 | Swamp:2  | 25320 ||| Stepping ~*~*~tactically~*~*~ (water).
 25322 | Swamp:2  | 25322 ||| Stepping ~*~*~tactically~*~*~ (water).
 25323 | Swamp:2  | 25323 ||| INVOKING Heroism.
 25550 | Swamp:3  | Noticed a tentacled monstrosity
 25551 | Swamp:3  | 25551 ||| INVOKING Heroism.
 25552 | Swamp:3  | 25552 ||| INVOKING Finesse.
 25561 | Swamp:3  | Killed a tentacled monstrosity
 25730 | Swamp:3  | 25730 ||| Stepping ~*~*~tactically~*~*~ (water).
 25731 | Swamp:3  | 25731 ||| FLEEEEING.
 25732 | Swamp:3  | 25732 ||| FLEEEEING.
 25733 | Swamp:3  | 25733 ||| FLEEEEING.
 25757 | Swamp:3  | 25757 ||| INVOKING Heroism.
 25763 | Swamp:3  | Reached skill level 18 in Dodging
 25779 | Swamp:3  | HP: 32/168 [constriction (15)]
 25780 | Swamp:3  | 25780 ||| READING 3 scrolls of teleportation.
 25781 | Swamp:3  | HP: 14/168 [shambling mangrove (20)]
 25781 | Swamp:3  | HP: 3/168 [constriction (11)]
 25810 | Swamp:3  | 25810 ||| READING 2 scrolls of teleportation.
 25811 | Swamp:3  | 25811 ||| Stepping ~*~*~tactically~*~*~ (water).
 25812 | Swamp:3  | 25812 ||| INVOKING Heroism.
 26228 | Swamp:3  | 26228 ||| PLANNING SPIDER:4
 26228 | Swamp:3  | 26228 ||| READING 8 scrolls of identify.
 26228 | Swamp:3  | 26228 ||| IDENTIFYING puce potion
 26229 | Swamp:3  | 26229 ||| DROPPING potion of invisibility.
 26439 | Spider:4 | Entered Level 4 of the Spider Nest
 26440 | Spider:4 | 26440 ||| INVOKING Heroism.
 26441 | Spider:4 | 26441 ||| INVOKING Finesse.
 26475 | Spider:4 | 26475 ||| STAIRDANCE
 26565 | Spider:4 | 26565 ||| INVOKING Finesse.
 26567 | Spider:4 | 26567 ||| INVOKING Heroism.
 26816 | Spider:4 | 26816 ||| INVOKING Heroism.
 26839 | Spider:4 | Noticed Louise
 26843 | Spider:4 | 26843 ||| Stepping ~*~*~tactically~*~*~ (outnumbered).
 26845 | Spider:4 | 26845 ||| Stepping ~*~*~tactically~*~*~ (outnumbered).
 26862 | Spider:4 | Killed Louise
 26943 | Spider:4 | 26943 ||| Stepping randomly (disturbance).
 27056 | Spider:4 | 27056 ||| INVOKING Finesse.
 27158 | Spider:4 | 27158 ||| INVOKING Heroism.
 27164 | Spider:4 | 27164 ||| Stepping ~*~*~tactically~*~*~ (outnumbered).
 27483 | Spider:4 | 27483 ||| Stepping ~*~*~tactically~*~*~ (water).
 27499 | Spider:4 | 27499 ||| INVOKING Heroism.
 27506 | Spider:4 | Received a gift from Okawaru
 27516 | Spider:4 | 27516 ||| SWAPPING to +2 triple crossbow of flaming.
 27517 | Spider:4 | 27517 ||| DROPPING +4 longbow of draining.
 27525 | Spider:4 | 27525 ||| INVOKING Finesse.
 27528 | Spider:4 | 27528 ||| Stepping ~*~*~tactically~*~*~ (outnumbered).
 27557 | Spider:4 | Noticed Arachne
 27564 | Spider:4 | Killed Arachne
 27646 | Spider:4 | Got a gossamer rune of Zot
 27729 | Spider:4 | 27729 ||| PLANNING VAULTS:1-4
 27729 | Spider:4 | 27729 ||| DROPPING +2 leather armour of fire resistance.
 27730 | Spider:4 | 27730 ||| DROPPING +0 pair of gloves of infusion.
 27731 | Spider:4 | 27731 ||| DROPPING scarf of invisibility.
 27732 | Spider:4 | 27732 ||| DROPPING ring of magical power.
 28045 | Vaults:1 | Entered Level 1 of the Vaults
 28090 | Vaults:1 | 28090 ||| READING 2 scrolls of teleportation.
 28092 | Vaults:1 | 28092 ||| INVOKING Heroism.
 28430 | Vaults:1 | Reached XP level 18. HP: 178/178 MP: 15/24
 28466 | Vaults:1 | 28466 ||| INVOKING Heroism.
 28467 | Vaults:1 | 28467 ||| INVOKING Finesse.
 28468 | Vaults:1 | 28468 ||| Stepping ~*~*~tactically~*~*~ (outnumbered).
 28469 | Vaults:1 | 28469 ||| Stepping ~*~*~tactically~*~*~ (outnumbered).
 28470 | Vaults:1 | 28470 ||| Stepping ~*~*~tactically~*~*~ (outnumbered).
 28548 | Vaults:1 | Reached skill level 21 in Ranged Weapons
 28577 | Vaults:1 | 28577 ||| INVOKING Heroism.
 28723 | Vaults:1 | Received a gift from Okawaru
 28870 | Vaults:1 | 28870 ||| INVOKING Heroism.
 28920 | Vaults:1 | 28920 ||| INVOKING Heroism.
 28935 | Vaults:1 | Identified the +3 chain mail "Oreph" {rPois Str+2 Int-5}
 29005 | Vaults:1 | Identified the +3 arbalest "Death Rattle" {speed, rN+
                  | Str+3}
 29108 | Vaults:1 | 29108 ||| INVOKING Heroism.
 29109 | Vaults:1 | 29109 ||| INVOKING Finesse.
 29370 | Vaults:1 | 29370 ||| INVOKING Heroism.
 29371 | Vaults:1 | 29371 ||| INVOKING Finesse.
 29373 | Vaults:1 | HP: 44/178 [ironbound frostheart/creeping frost (9)]
 29374 | Vaults:1 | Reached skill level 22 in Ranged Weapons
 29374 | Vaults:1 | 29374 ||| READING 3 scrolls of teleportation.
 29572 | Vaults:1 | 29572 ||| INVOKING Heroism.
 29573 | Vaults:1 | 29573 ||| INVOKING Finesse.
 29723 | Vaults:1 | Found a runed translucent gate.
 29727 | Vaults:1 | Found a runed translucent gate.
 29727 | Vaults:1 | Found an opulent altar of Gozag.
 29727 | Vaults:1 | Found a runed translucent gate.
 29729 | Vaults:1 | Found Hova's Assorted Antiques.
 29729 | Vaults:1 | Noticed qw's ghost (adept MiHs)
 29799 | Vaults:1 | 29799 ||| DROPPING +0 cloak of stealth.
 29867 | Vaults:2 | 29867 ||| INVOKING Heroism.
 29869 | Vaults:2 | Noticed Sojobo
 29872 | Vaults:2 | 29872 ||| Stepping ~*~*~tactically~*~*~ (outnumbered).
 29874 | Vaults:2 | 29874 ||| Stepping ~*~*~tactically~*~*~ (outnumbered).
 29880 | Vaults:2 | Paralysed by an air elemental for 1 turns
 29885 | Vaults:2 | HP: 24/176 [tengu reaver/bolt of lightning[Sojobo] (29)]
 29886 | Vaults:2 | 29886 ||| READING 2 scrolls of teleportation.
 29889 | Vaults:2 | HP: 8/176 [tengu reaver/bolt of poison[Sojobo] (14)]
 30038 | Vaults:2 | 30038 ||| INVOKING Heroism.
 30161 | Vaults:2 | 30161 ||| INVOKING Heroism.
 30179 | Vaults:2 | Killed Sojobo
 30446 | Vaults:2 | 30446 ||| INVOKING Heroism.
 30584 | Vaults:2 | Reached skill level 21 in Fighting
 30695 | Vaults:2 | 30695 ||| INVOKING Heroism.
 30699 | Vaults:2 | 30699 ||| INVOKING Finesse.
 30855 | Vaults:2 | Found a staircase to the Crypt.
 30855 | Vaults:2 | Found a basalt altar of Yredelemnul.
 30855 | Vaults:2 | Found an ancient bone altar of Kikubaaqudgha.
 30893 | Vaults:2 | 30893 ||| INVOKING Heroism.
 30894 | Vaults:2 | 30894 ||| INVOKING Finesse.
 31242 | Vaults:2 | 31242 ||| DROPPING +0 swamp dragon scales.
 31243 | Vaults:2 | 31243 ||| DROPPING amulet of regeneration.
 31305 | Vaults:3 | 31305 ||| INVOKING Heroism.
 31426 | Vaults:3 | 31426 ||| Stepping ~*~*~tactically~*~*~ (outnumbered).
 31427 | Vaults:3 | 31427 ||| Stepping ~*~*~tactically~*~*~ (outnumbered).
 31434 | Vaults:3 | 31434 ||| INVOKING Heroism.
 31568 | Vaults:3 | 31568 ||| INVOKING Heroism.
 31569 | Vaults:3 | 31569 ||| INVOKING Finesse.
 31628 | Vaults:3 | Reached XP level 19. HP: 186/189 MP: 16/25
 31651 | Vaults:3 | 31651 ||| FLEEEEING.
 31652 | Vaults:3 | 31652 ||| STAIRDANCE
 31779 | Vaults:3 | 31779 ||| Stepping ~*~*~tactically~*~*~ (outnumbered).
 31782 | Vaults:3 | 31782 ||| INVOKING Heroism.
 31792 | Vaults:3 | HP: 43/190 [ironbound frostheart/creeping frost (9)]
 31793 | Vaults:3 | 31793 ||| READING scroll of teleportation.
 31794 | Vaults:3 | 31794 ||| DRINKING 2 potions of heal wounds.
 31799 | Vaults:3 | HP: 36/191 [vault guard/+2 battleaxe[a vault warden] (22)]
 31800 | Vaults:3 | 31800 ||| DRINKING potion of heal wounds.
 31808 | Vaults:3 | HP: 13/191 [vault warden/+0 long sword (12)]
 31809 | Vaults:3 | Demolished by a vault warden

Levels and vault maps discovered:
D:1:      dpeg_arrival_short_road, layout_basic,
          hellmonk_ecumenical_altar_crossroads, serial_bayou_lagoon_a
D:2:      layout_basic, minmay_distorted
D:3:      layout_loops_ring, mainiacjoe_overflow_alcove_1,
          mainiacjoe_overflow_paths, minmay_ogre_servants
D:4:      layout_basic, minmay_temple_entry_tees
D:5:      layout_cave_pods, st_stairs_3, kennysheep_generic_room_10
D:6:      minmay_inner_zag, layout_basic, uniq_crazy_yiuf_cottage
D:7:      layout_rooms, fiery_altar_vehumet, gammafunk_ghost_abyssal_escape
D:8:      layout_loops_ring, grunt_dithmenos_smoke, minivault_21,
          chequers_serial_rivers_small_3, uniq_maurice
D:9:      minmay_separated_statues, layout_basic, minmay_orc_entry_temple_small,
          ebering_ghost_reflecting_pool, st_stairs_5, serial_park_tiny_1,
          minmay_misc_feat_cross
D:10:     layout_grid_maze, mainiacjoe_overflow_24_doors, minivault_11,
          minmay_tree_intersection, minmay_sticks_and_stones
D:11:     layout_long_grid, portal_ice_cave_entry_imps, xom_shifter_show
D:12:     layout_stronghold, gammafunk_ghost_nasty_kobolds, serial_shops,
          bzr_in_the_mist, uniq_erolcha, uniq_rupert, uniq_nessos, uniq_frances
D:13:     layout_gridville
D:14:     minmay_smoke_and_mirrors, layout_stronghold, erik_vaults_2,
          grunt_decor_arrowhead
D:15:     hangedman_depths_entry_civil_slaughter, layout_cave_pods,
          abandoned_shop, uniq_agnes
Temple:   sentei_temple_godly_chess
Lair:1:   layout_chaotic_city, gammafunk_ghost_hydra_chop,
          minmay_lair_oklob_items, evilmike_ambush
          [evilmike_ambush_outer_corners, evilmike_ambush_inner_basic],
          lemuel_fruit_fields
Lair:2:   layout_long_grid, palyth_hydra_swamp_entry, grunt_megastairs_4
Lair:3:   layout_chaotic_city, spider_nest_entry_webs
Lair:4:   layout_gridlike
Lair:5:   evilmike_catoblepas_cave, layout_big_grid, slime_entry_1,
          serial_bayou_shore_b, uniq_snorg
Swamp:1:  cheibrodos_swamp_monstrosity, layout_falls_marsh,
          gammafunk_ghost_cemetery, evilmike_swamp_ruin_house_6, swamp_pool5,
          infiniplex_staircase_pool, uniq_nikola, uniq_donald
Swamp:2:  layout_basic_swamp, serial_swamp_ruin, evilmike_swamp_ruin_house_2,
          evilmike_swamp_ruin_house_4, swamp_pool3
Swamp:3:  layout_basic_swamp, evilmike_swamp_ruin_house_3, swamp_pool5,
          nicolae_swamp_dense_foliage, infiniplex_staircase_pool_2
Spider:1: layout_chambers
Spider:2: layout_spider_delve, uniq_asterion
Spider:3: layout_spider_delve, nicolae_spider_undead_wolf_pack
Spider:4: floodkiller_spider_rune_tomb, uniq_arachne, uniq_louise
Orc:1:    nicolae_orc_accident_1, layout_caves, serial_shops,
          statue_in_the_mist_lemuel, nicolae_shop_overcharged_wands
Orc:2:    grunt_orc_community_town_hall, layout_caves,
          grunt_orc_community_big_house_1, grunt_orc_community_big_house_2,
          grunt_orc_community_house_3, grunt_orc_community_house_1,
          grunt_orc_community_house_2, grunt_orc_community_house_1,
          grunt_orc_community_house_1, mines3_lemuel
Vaults:1: ebering_ghost_gozag, nicolae_vaults_house_1,
          nicolae_vaults_closet_pinwheel_3, nicolae_vaults_network_s,
          vaults_room_grunt_arrival_ludios, vaults_standard_mumra_x,
          nicolae_vaults_network_star, nicolae_vaults_yaktaur_gun_rack,
          vaults_room_pools, vaults_room_hangedman_quadrants,
          nicolae_vaults_double_plus_1, layout_vaults_chaotic_city
Vaults:2: v_misc_4, minmay_crypt_entry_necro_gods,
          nicolae_vaults_network_quinsquares
          [nicolae_vaults_network_quincunx_subvault,
          nicolae_vaults_network_quincunx_subvault,
          nicolae_vaults_network_quincunx_subvault,
          nicolae_vaults_network_quincunx_subvault], v_misc_13,
          nicolae_vaults_closet_pinwheel_3, vaults_dpeg_spiral,
          nicolae_vaults_tetromino_Z_2, nicolae_vaults_closet_pinwheel_6,
          nicolae_vaults_hexular_roomagon, layout_vaults_omnicross, uniq_sojobo
Vaults:3: gammafunk_ghost_cemetery, vaults_mumra_hex, ontoclasm_vaults_spin,
          nicolae_vaults_diagonal_hallway_7, nicolae_vaults_closet_pinwheel_3,
          vaults_room_hallway, hangedman_vaults_pinch, nicolae_vaults_cochlea,
          ontoclasm_vaults_shout, nicolae_vaults_heart-shaped_vault,
          nicolae_vaults_network_square, nicolae_vaults_rhombus_6,
          nicolae_vaults_double_plus_2, layout_vaults_omnibox, serial_shops,
          nicolae_shop_statue_plus

Skill      XL: |  1  2  3  4  5  6  7  8  9 10 11 12 13 14 15 16 17 18 |
---------------+-------------------------------------------------------+-----
Ranged Weapons | 3 4 5 6 7 10 11 14 15 16 18 20 22 | 22.0
Fighting       | 2 3 4 6 8 9 10 11 12 13 16 18 20 21 | 21.8
Armour         | 1 2 3 7 8 10 11 | 11.0
Invocations    | 1 3 4 7 10 | 10.1
Dodging        | 3 4 7 8 10 12 13 15 17 19 20 | 20.0
Spellcasting   | |  1.0
Hexes          | |  2.0

Action                     |  1- 3 |  4- 6 |  7- 9 | 10-12 | 13-15 | 16-18 | 19-21 || total
---------------------------+-------+-------+-------+-------+-------+-------+-------++-------
   Fire: Sling             |   141 |     5 |       |       |       |       |       ||   146
         Arbalest          |       |   101 |   148 |   549 |   323 |       |       ||  1121
         Longbow           |       |       |       |       |   754 |   932 |       ||  1686
         Triple crossbow   |       |       |       |       |       |   469 |    46 ||   515
 Invoke: Heroism           |       |       |    13 |    30 |    40 |    39 |     1 ||   123
         Finesse           |       |       |       |     1 |    13 |    17 |       ||    31
    Use: Scroll            |     1 |     6 |     7 |     7 |    11 |     7 |     1 ||    40
         Potion            |       |     1 |     2 |     2 |     6 |     1 |     2 ||    14
 Armour: Robe              |    11 |     4 |       |       |       |       |       ||    15
         Ring mail         |       |    22 |    27 |     8 |       |       |       ||    57
         Troll leather arm |       |       |       |    42 |    30 |   109 |    10 ||   191
         Leather armour    |       |       |       |    25 |    17 |       |       ||    42
  Dodge: Dodged            |    33 |    47 |    62 |   375 |   348 |   762 |    89 ||  1716

Table legend:
 A = Non-vault XP
 B = Vault XP
 C = Vault XP percentage of total XP
 D = Non-vault monster count
 E = Vault monster count
 F = Vault count percentage of total count
                 A         B        C        D         E       F
            +---------+---------+-------+---------+---------+-------
      Total |  243028 |  147017 |  37.7 |     737 |     329 |  30.9
            +---------+---------+-------+---------+---------+-------
        D:1 |      34 |       0 |   0.0 |      23 |       0 |   0.0
        D:2 |      63 |       2 |   3.1 |      23 |       1 |   4.2
        D:3 |      78 |     132 |  62.9 |      11 |       9 |  45.0
        D:4 |     106 |       0 |   0.0 |      21 |       0 |   0.0
        D:5 |     862 |     238 |  21.6 |      16 |       4 |  20.0
        D:6 |     192 |     301 |  61.1 |       7 |       6 |  46.2
        D:7 |     361 |       0 |   0.0 |       4 |       0 |   0.0
        D:8 |    2406 |     457 |  16.0 |      14 |       1 |   6.7
        D:9 |    2524 |    1377 |  35.3 |      23 |      13 |  36.1
       D:10 |    2453 |     471 |  16.1 |      23 |       1 |   4.2
       D:11 |    2402 |     123 |   4.9 |       8 |      12 |  60.0
       D:12 |    7355 |    5195 |  41.4 |      14 |       4 |  22.2
       D:13 |    4616 |       0 |   0.0 |      10 |       0 |   0.0
       D:14 |    7573 |   10302 |  57.6 |      19 |      13 |  40.6
       D:15 |   10853 |    6144 |  36.1 |      23 |       7 |  23.3
     Lair:1 |    4932 |    2570 |  34.3 |      16 |       6 |  27.3
     Lair:2 |    9060 |    3906 |  30.1 |      37 |      10 |  21.3
     Lair:3 |    9015 |     369 |   3.9 |      21 |       2 |   8.7
     Lair:4 |    5663 |       0 |   0.0 |      12 |       0 |   0.0
     Lair:5 |   11497 |   11681 |  50.4 |      39 |      24 |  38.1
    Swamp:1 |   11156 |    6045 |  35.1 |      20 |       6 |  23.1
    Swamp:2 |   14210 |       0 |   0.0 |      31 |       0 |   0.0
    Swamp:3 |    9426 |     410 |   4.2 |      15 |       3 |  16.7
   Spider:1 |   13821 |       0 |   0.0 |      39 |       0 |   0.0
   Spider:2 |   22742 |    1711 |   7.0 |      51 |       1 |   1.9
   Spider:3 |   12206 |    6487 |  34.7 |      39 |      13 |  25.0
   Spider:4 |   13692 |   30227 |  68.8 |      35 |      54 |  60.7
      Orc:1 |    3653 |    1477 |  28.8 |      32 |       4 |  11.1
      Orc:2 |    2847 |    6031 |  67.9 |      33 |      69 |  67.6
   Vaults:1 |   19139 |   22377 |  53.9 |      29 |      36 |  55.4
   Vaults:2 |   20462 |   16555 |  44.7 |      29 |      16 |  35.6
   Vaults:3 |   11749 |   12429 |  51.4 |      13 |      14 |  51.9
    Abyss:2 |    5880 |       0 |   0.0 |       7 |       0 |   0.0
            +---------+---------+-------+---------+---------+-------
